 Dungeon Crawl Stone Soup version 0.18.1-48-g4cf74bf (webtiles) character file.

143 Peloso the Shield-Bearer (level 5, -6/46 HPs)
             Began as a Minotaur Fighter on Sept 12, 2016.
             Killed by divine providence
             ... invoked by an orc priest
              (12 damage)
             ... on level 3 of the Dungeon.
             The game lasted 00:04:36 (1418 turns).

Peloso the Shield-Bearer (Minotaur Fighter)         Turns: 1418, Time: 00:04:37

Health: -6/46      AC:  7    Str: 21    XL:     5   Next: 4%
Magic:  4/4        EV:  8    Int:  8    God:
Gold:   90         SH: 10    Dex: 10    Spells: 0 memorised, 4 levels left

rFire  . . .     SeeInvis .     a - +0 long sword
rCold  . . .     Gourm    .     b - +0 scale mail
rNeg   . . .     Faith    .     c - +0 shield
rPois  .         Spirit   .     (helmet restricted)
rElec  .         Dismiss  .     (no cloak)
rCorr  +         Reflect  .     (no gloves)
SustAt .         Harm     .     (no boots)
MR     .....                    (no amulet)
Stlth  ..........               k - ring of resist corrosion
                                i - +3 ring of intelligence

@: not resistant to hostile enchantments, extremely unstealthy
A: retaliatory headbutt, horns 2
a: no special abilities


You were on level 3 of the Dungeon.
You were not hungry.

You visited 1 branch of the dungeon, and saw 3 of its levels.

You collected 90 gold pieces.

Inventory:

Hand Weapons
 a - a +0 long sword (weapon)
 s - a +3 dagger
Armour
 b - a +0 scale mail (worn)
 c - a +0 shield (worn)
Jewellery
 i - a +3 ring of intelligence (left hand)
 k - a ring of resist corrosion (right hand)
Scrolls
 l - a scroll of enchant armour {unknown}
 m - 2 scrolls of magic mapping {unknown}
 o - a scroll of fear {unknown}
 p - a scroll of identify {unknown}
 q - a scroll of blinking {unknown}
Potions
 d - 2 potions of might
 e - a potion of haste {unknown}
 h - a potion of berserk rage {unknown}
 n - a potion of lignification {unknown}
Comestibles
 f - 3 bread rations
 g - 4 fruits
 j - 3 meat rations


   Skills:
 + Level 4.1 Fighting
 + Level 3.2 Long Blades
 + Level 4.7 Armour
 + Level 1.8 Dodging
 + Level 0.1 Stealth
 + Level 4.9 Shields


You had 4 spell levels left.
You didn't know any spells.

Dungeon Overview and Level Annotations

Branches:
Dungeon (3/15)

Altars:
Trog
The Shining One


Innate Abilities, Weirdness & Mutations

You reflexively headbutt those who attack you in melee.
You have a pair of horns on your head.


Message History

The orc is severely wounded.
The orc priest mumbles some strange prayers to Beogh against you.
Beogh smites you! You block the orc's attack.
You barely miss the orc.
The orc is severely wounded.
You block the orc's attack. The orc hits you but does no damage.
You hit the orc.
You kill the orc!
The orc wizard points at you and mumbles some strange words.
The magic dart hits you!
The orc priest miscasts a cantrip.
The orc wizard casts a spell at you. The magic dart hits you!
* * * LOW HITPOINT WARNING * * *
You slash the orc wizard! You headbutt the orc wizard.
You kill the orc wizard!
You have reached level 5!
The orc priest mumbles some strange prayers to Beogh against you.
Beogh smites you!
You die...

### ####### #.. #.....# #..
#.###.# #.. #.#<#.# #..
#.#.#.#.##### #..
#.#...#.....# #..
#.#########@############ #..
#....^.o.##)##.........###..
####......o).'...........'..
#.###.##.##.........###..
#.# #....##.........# #..
#.# ################# ###
... #.# ... #


You could see an orc priest.

Vanquished Creatures
  A centaur zombie (D:3)
  An orc wizard (D:3)
  A gnoll (D:1)
  2 adders
  5 worms
  A dart slug (D:3)
  A giant gecko (D:2)
  An orc (D:3)
  4 giant cockroaches
  6 goblins
  2 hobgoblins
  2 kobolds
  2 quokkas (D:3)
  5 bats
  A giant newt (D:1)
  6 rats
41 creatures vanquished.

Notes
Turn   | Place    | Note
--------------------------------------------------------------
     0 | D:1      | Peloso the Minotaur Fighter began the quest for the Orb.
     0 | D:1      | Reached XP level 1. HP: 19/19 MP: 0/0
    34 | D:1      | Reached XP level 2. HP: 20/27 MP: 1/1
   578 | D:2      | Reached XP level 3. HP: 22/33 MP: 2/2
   639 | D:2      | Found a glowing golden altar of the Shining One.
  1248 | D:3      | Reached skill level 1 in Dodging
  1248 | D:3      | Reached XP level 4. HP: 32/40 MP: 3/3
  1258 | D:3      | Noticed a moth of wrath
  1261 | D:3      | Found a bloodstained altar of Trog.
  1418 | D:3      | Reached XP level 5. HP: 6/46 MP: 4/4
  1418 | D:3      | Killed from afar by an orc priest

Skill      XL: |  1  2  3 |
---------------+----------+-----
Armour         | 4 |  4.7
Shields        | 4 |  4.9
Fighting       | 4 |  4.1
Long Blades    | 3 |  3.2
Dodging        | 1 |  1.8
Stealth        | |  0.1

Action                   |  1- 3 |  4- 6 || total
-------------------------+-------+-------++-------
Melee: Long sword        |   109 |    23 ||   132
       Headbutt          |    14 |     7 ||    21
  Eat: Chunk             |     1 |     1 ||     2
Armor: Scale mail        |    65 |     5 ||    70
Dodge: Dodged            |    43 |     5 ||    48
Block: Shield            |    77 |     5 ||    82
